 Dungeon Crawl Stone Soup version 0.32-a0-996-gb3226c233f (webtiles) character file.

Game seed: 8588324115889540512

5751 topfpfpflanze the Destroyer (level 10, -5/49 (56) HPs)
             Began as an Octopode Conjurer on Apr 23, 2024.
             Was an Initiate of Gozag.
             Slain by Joseph
             ... wielding a +0 quarterstaff of draining
              (7 damage)
             ... on level 7 of the Dungeon.
             The game lasted 00:11:54 (12622 turns).

topfpfpflanze the Destroyer (Octopode Conjurer)    Turns: 12622, Time: 00:11:55

HP:   -5/49 (56)    AC:  9    Str: 13    XL:     10   Next: 77%
MP:   25/33         EV: 12    Int: 25    God:    Gozag
Gold: 115           SH:  0    Dex: 16    Spells: 23/30 levels left

rFire   + . .        q - +0 lajatang
rCold   . . .        (shield currently unavailable)
rNeg    . . .        (helmet restricted)
rPois   .            l - amulet of regeneration
rElec   .            n - +6 ring of strength
rCorr   .            z - +4 ring of protection
SInv    +            E - ring of magical power
Will    .....        B - ring of protection from fire
Stlth   +++          v - ring of see invisible
HPRegen 1.08/turn    J - +4 ring of protection
MPRegen 0.23/turn    K - +6 ring of dexterity
                     (no ring)

%: no passive effects
@: heavily drained
A: almost no armour, amphibious, 8 rings, camouflage 1, gelatinous body 1,
(nimble swimmer 1), tentacles
a: Renounce Religion, Potion Petition, Call Merchant, Bribe Branch


You were on level 7 of the Dungeon.
You worshipped Gozag.
Gozag was aware of your devotion.
You visited 1 branch of the dungeon, and saw 8 of its levels.
You also visited: Bailey.

You collected 1484 gold pieces.
You spent 1296 gold pieces at shops.
You paid 73 gold pieces to Gozag.

Inventory:

Hand Weapons
 d - a +2 short sword of flaming
 h - a +2 dagger of protection
 q - a +0 lajatang (weapon)
Missiles
 f - 16 poisoned darts
 u - 5 datura-tipped darts
Armour
 i - the +3 warlock's mirror {omnireflect}
   (You acquired it on level 4 of the Dungeon)

   Omnireflect: It can block and reflect piercing ranged attacks and magical
   attacks against the wielder's willpower.
Jewellery
 l - an amulet of regeneration (around mantle)
 n - a +6 ring of strength (left tentacle)
 v - a ring of see invisible (on tentacle)
 z - a +4 ring of protection (right tentacle)
 B - a ring of protection from fire (on tentacle)
 E - a ring of magical power (on tentacle)
 J - a +4 ring of protection (on tentacle)
 K - a +6 ring of dexterity (on tentacle)
Talismans
 H - a serpent talisman
Wands
 y - a wand of iceblast (13)
Scrolls
 b - 2 scrolls of butterflies {unknown}
 c - 2 scrolls of blinking
 e - 2 scrolls of fog
 m - 6 scrolls of silence
 o - a scroll of immolation
 r - 3 scrolls of vulnerability
 s - 7 scrolls of identify {@r1}
 t - 3 scrolls of noise
 w - 2 scrolls of teleportation {@r3}
 D - 4 scrolls of enchant weapon
 I - a scroll of amnesia
Potions
 a - a potion of magic
 g - 3 potions of heal wounds
 j - 5 potions of enlightenment
 k - 3 potions of invisibility
 p - a potion of cancellation {unknown}
 x - a potion of brilliance {unknown}
 A - 3 potions of curing {unknown}
 C - a potion of lignification {unknown}
 F - 2 potions of mutation {unknown}
 G - a potion of attraction {unknown}


   Skills:
 + Level 0.0 Fighting
 + Level 2.0 Dodging
 - Level 2.6 Stealth
 + Level 0.0 Shields
 + Level 10.7 Spellcasting
 + Level 11.7 Conjurations


You had 23 spell levels left.
You knew the following spells:

 Your Spells              Type           Power      Damage    Failure   Level
a - Magic Dart            Conj           100%       1d8       1%          1
b - Searing Ray           Conj           100%       2d8       1%          2
c - Iskenderun's Mystic   Conj/Tloc      42%        2d10      (+2d54%     4

Your spell library contained the following spells:

 Spells                   Type           Power      Damage    Failure   Level
 Fulminant Prism          Conj/Alch      21%        3d12      4%          4
 Leda's Liquefaction      Alch/Erth      6%         N/A       41%         4
 Lee's Rapid Deconstruct  Erth           6%         3d6*      77%         5
 Permafrost Eruption      Ice/Erth       6%         2x4d3     100%        6


Dungeon Overview and Level Annotations

Branches:
Dungeon (8/15)             Temple (0/1) D:6          Bailey (visited)
   Lair: D:8-11

Altars:
Gozag
Hepliaklqana
Nemelex Xobeh
Sif Muna
Vehumet

Shops:
D:1 (   D:3 =   D:6 [

Annotations:
D:3 exclusion: downstairs
D:7 Joseph


Innate Abilities, Weirdness & Mutations

You cannot wear most types of armour.
You are amphibious.
You can wear up to eight rings at the same time.
Your skin changes colour to match your surroundings (Stealth+).
Your rubbery body absorbs attacks. (AC +1, EV +1)
((You are camouflaged when in or above water. (Stealth+)))
You have tentacles for arms and can constrict up to eight enemies at once.


Message History

Casting: Magic Dart (safe; 1% risk of failure)
Aiming: Searing Ray (safe; 1% risk of failure)
Press: ? - help, Shift-Dir - straight line, f/p - Joseph
Aim: Joseph, wielding a +0 sling and wearing a +1 ring mail of fire resistance (lightly wounded, 85% to hit)
The searing ray hits Joseph! (Press . to maintain the ray.) Joseph shoots a sling bullet.
The sling bullet closely misses you.
The searing ray hits Joseph!
Joseph shoots a sling bullet.
The sling bullet hits you!
The searing ray hits Joseph!
Joseph shoots a sling bullet.
The sling bullet hits you.
Unknown command.
You start resting.
Joseph is nearby!
You closely miss Joseph. Your grab misses Joseph. You squeeze Joseph!
Joseph unwields a +0 sling.
Joseph wields a +0 quarterstaff of draining.
You sense an unholy aura.
Joseph hits you with a +0 quarterstaff of draining!
You feel drained.
Casting: Searing Ray (safe; 1% risk of failure)
Aiming: Searing Ray (safe; 1% risk of failure)
Press: ? - help, Shift-Dir - straight line, f/p - Joseph
Aim: Joseph, wielding a +0 quarterstaff of draining and wearing a +1 ring mail of fire resistance (heavily wounded, 85% to hit)
The searing ray hits Joseph. (Press . to maintain the ray.) Joseph completely misses you.
The searing ray hits Joseph!
Joseph barely misses you.
Unknown command.
The searing ray hits Joseph.
Joseph hits you with a +0 quarterstaff of draining!
You feel drained.
Unknown command.
The searing ray hits Joseph!
You finish channelling your searing ray.
Joseph hits you with a +0 quarterstaff of draining!
* * * LOW HITPOINT WARNING * * *
You feel drained.
You die...
Your body crumbles into a pile of gold.

.# #..###....#..##.
..####.................... ..
.............#.#....#..##. ..
#.#.##.................#.. ..#
###.#.##.................#.#
..####...........@...............
.................:............#.#
.........####..@#####.........#.#
.........####...@..............).
................#####............
.................................
#>)#.#...###....#####............
...........().................#.#
..[#.....###....#.###.........#.@
..............................#.#
.[........(...................#..
..............##[##.##...........


You could see Joseph.

Vanquished Creatures
  3 orc knights (Bailey)
  Pikel (D:5)
  Maggie (D:8)
  Jeremiah (D:6)
  Edmund (D:4)
  6 orc warriors
  A sky beast (D:6)
  An ice beast (D:8)
  2 ogres
  3 lemures (D:5)
  2 phantoms
  2 kobold brigands
  A bullfrog (D:7)
  4 scorpions
  4 wights (D:7)
  2 howler monkeys
  6 electric eels (D:5)
  3 jellies
  3 bombardier beetles
  10 hounds
  6 orc priests
  2 gnoll boudas (D:6)
  A sleepcap (D:5)
  7 orc wizards
  6 iguanas
  4 gnolls
  6 adders
  A shadow imp (D:6)
  A white imp (D:5)
  5 dart slugs
  2 ribbon worms (D:3)
  20 orcs
  7 ball pythons
  3 bats
  5 endoplasms
  2 giant cockroaches (D:1)
  15 goblins
  12 hobgoblins
  6 quokkas
  3 frilled lizards
  23 kobolds
  5 rats
199 creatures vanquished.

Notes
Turn   | Place    | Note
-------+----------+-------------------------------------------
     0 | D:1      | topfpfpflanze the Octopode Conjurer began the quest for the
                  | Orb.
     0 | D:1      | Reached XP level 1. HP: 11/11 MP: 3/3
   237 | D:1      | Reached XP level 2. HP: 17/17 MP: 0/5
   240 | D:1      | Learned a level 2 spell: Searing Ray
   621 | D:1      | Reached XP level 3. HP: 15/21 MP: 2/7
   920 | D:1      | Found Iliysud's Weapon Emporium.
  1416 | D:2      | Reached XP level 4. HP: 27/27 MP: 5/9
  1634 | D:2      | Found a faded altar of an unknown god.
  2419 | D:3      | Found Zitsimadghu's Jewellery Shoppe.
  3022 | D:4      | Noticed a scorpion
  3107 | D:4      | Noticed a scorpion
  3112 | D:4      | Killed a scorpion
  3113 | D:4      | Reached skill level 5 in Conjurations
  3113 | D:4      | Reached XP level 5. HP: 31/31 MP: 1/11
  3345 | D:4      | Noticed a phantom
  3352 | D:4      | Killed a phantom
  3353 | D:4      | Reached XP level 6. HP: 36/36 MP: 2/13
  3517 | D:4      | Reached skill level 5 in Spellcasting
  3567 | D:4      | Found Itta's Magic Scroll Emporium.
  3655 | D:4      | Bought a scroll of identify for 24 gold pieces
  3655 | D:4      | Identified a scroll of acquirement
  3690 | D:4      | Acquired the +3 warlock's mirror {omnireflect}
  3690 | D:4      | Found the +3 warlock's mirror {omnireflect}
  3797 | D:4      | Noticed Edmund
  3802 | D:4      | Found an opulent altar of Gozag.
  3807 | D:5      | Entered Level 5 of the Dungeon
  4132 | D:4      | Reached skill level 6 in Conjurations
  4132 | D:4      | Reached XP level 7. HP: 41/41 MP: 8/15
  4569 | D:5      | Found a hazy altar of Hepliaklqana.
  4882 | D:4      | Killed Edmund
  4954 | D:4      | Became a worshipper of Gozag Ym Sagoz the Greedy
  5050 | D:5      | Reached skill level 7 in Conjurations
  5050 | D:5      | Reached XP level 8. HP: 46/46 MP: 9/17
  5151 | D:4      | Learned a level 4 spell: Iskenderun's Mystic Blast
  5350 | D:5      | Noticed Pikel
  5371 | D:5      | Killed Pikel
  5372 | D:5      | Reached skill level 8 in Conjurations
  6813 | D:5      | Reached XP level 9. HP: 43/51 MP: 14/20
  7179 | D:5      | Identified the +0 ring mail "Urech" {rN+ Will+}
  7484 | D:6      | Found a staircase to the Ecumenical Temple.
  7758 | D:6      | Noticed Jeremiah
  7943 | D:6      | Reached skill level 9 in Conjurations
  8941 | D:6      | Found Coytu's Armour Emporium.
  9387 | D:7      | Reached skill level 10 in Conjurations
 10026 | D:7      | Noticed Joseph
 10066 | D:8      | Found a shimmering blue altar of Sif Muna.
 10069 | D:8      | Found a radiant altar of Vehumet.
 10071 | D:8      | Found a sparkling altar of Nemelex Xobeh.
 10072 | D:8      | Noticed Maggie
 10081 | D:8      | Killed Maggie
 10082 | D:8      | Reached XP level 10. HP: 56/56 MP: 18/23
 10109 | D:8      | Found a flagged portal.
 10133 | Bailey   | Entered a bailey
 10171 | Bailey   | Noticed an orc knight
 10262 | Bailey   | Noticed an orc knight
 10417 | Bailey   | Killed an orc knight
 10582 | Bailey   | Killed an orc knight
 10583 | Bailey   | Reached skill level 10 in Spellcasting
 10583 | Bailey   | Reached skill level 11 in Conjurations
 11109 | Bailey   | Noticed an orc knight
 11655 | Bailey   | Killed an orc knight
 12090 | D:6      | Killed Jeremiah
 12358 | D:4      | Bought a scroll of identify for 24 gold pieces
 12358 | D:4      | Bought a scroll of identify for 24 gold pieces
 12358 | D:4      | Bought a scroll of amnesia for 48 gold pieces
 12358 | D:4      | Bought 2 scrolls of enchant weapon for 180 gold pieces
 12358 | D:4      | Bought a scroll of noise for 12 gold pieces
 12358 | D:4      | Bought a scroll of vulnerability for 48 gold pieces
 12423 | D:3      | Bought a +4 ring of protection for 468 gold pieces
 12423 | D:3      | Bought a +6 ring of dexterity for 468 gold pieces
 12622 | D:7      | HP: 2/52 [Joseph/+0 quarterstaff of draining (15)]
 12622 | D:7      | Slain by Joseph

Illustrated notes

Levels and vault maps discovered:
D:1:      wheals_arrival_linesprint, layout_rooms, serial_shops, shop
D:2:      wad_pebble_path, layout_basic, serial_curves, eino_curves_03,
          eino_curves_04, dreamdust_ecumenical_altar_statues,
          nicolae_concentric_dashed_squares_mild
D:3:      layout_loops_ring, serial_shops, nicolae_shop_gaudy_bauble
D:4:      layout_rooms, overflow_temple_1_default, serial_shops, shop,
          minmay_misc_feat_tiny, uniq_edmund
D:5:      cheibrodos_two_vegetables, layout_loops_ring,
          worldfamousw_hep_ancestral_shrine, roderic_malta_cross, uniq_pikel
D:6:      minmay_octagon_keep, layout_basic,
          minmay_temple_entry_statues_fountains, serial_shops, shop, hex_medium,
          bh_walls_and_bars, uniq_jeremiah
D:7:      layout_basic, serial_curves, eino_curves_02, eino_curves_04,
          eino_curves_01, minmay_misc_feat_alley, uniq_joseph
D:8:      layout_loops_ring, nicolae_wu_jian_wuxing_cycle,
          chequers_temple_overflow_statue_of_worship, enter_bailey_3,
          uniq_maggie

Skill      XL: |  1  2  3  4  5  6  7  8  9 10 |
---------------+-------------------------------+-----
Spellcasting   | 3 4 5 6 7 9 10 | 10.7
Conjurations   | 5 6 7 8 10 11 | 11.7
Dodging        | |  2.0
Stealth        | |  2.6

Action                     |  1- 3 |  4- 6 |  7- 9 | 10-12 || total
---------------------------+-------+-------+-------+-------++-------
  Melee: Unarmed           |     4 |       |       |       ||     4
         Constrict         |     2 |       |     7 |     8 ||    17
         Tentacles         |     2 |       |     6 |    12 ||    20
         Punch             |     1 |       |       |       ||     1
         Short sword       |       |     1 |       |       ||     1
         Lajatang          |       |     1 |    24 |    31 ||    56
   Cast: Magic Dart        |    75 |    89 |   193 |    65 ||   422
         Searing Ray       |       |     8 |    55 |    33 ||    96
         Iskenderun's Myst |       |       |       |     1 ||     1
  Evoke: Wand              |       |       |     2 |     1 ||     3
    Use: Scroll            |       |    10 |     2 |     2 ||    14
         Potion            |       |       |     2 |       ||     2
   Stab: Sleeping          |       |       |       |     1 ||     1
 Armour: Skin              |     4 |    14 |    71 |    44 ||   133
  Dodge: Dodged            |     4 |    13 |    48 |    31 ||    96

Table legend: (Time is in decaauts)
 A = Elapsed time spent in this place.
 B = Non-inter-level travel time spent in this place.
 C = Inter-level travel time spent in this place.
 D = Time resting spent in this place.
 E = Time spent auto-exploring this place.
 F = Levels seen in this place.
 G = Mean time per level.
                   A        B        C        D        E       F      G
               +--------+--------+--------+--------+--------+-----+--------+
         Total |  12666 |  11881 |    785 |   3786 |   6441 |   9 | 1407.3 |
       Dungeon |  11056 |  10271 |    785 |   2755 |   6196 |   8 | 1382.0 |
        Bailey |   1609 |   1609 |      0 |   1031 |    245 |   1 | 1609.0 |
               +--------+--------+--------+--------+--------+-----+--------+

Top non-repeatable levels by time:
     D:5: 3405 daAuts
     D:6: 1730 daAuts
  Bailey: 1609 daAuts
     D:7: 1310 daAuts
     D:3: 1295 daAuts
     D:2: 1080 daAuts
     D:1: 1020 daAuts
     D:4: 1009 daAuts
     D:8: 204 daAuts
